 Dungeon Crawl Stone Soup version 0.31-a0-963-ga325b2283a (webtiles) character file.

Game seed: 5240479675178855870

33 Shayle the Trooper (level 3, -2/36 HPs)
             Began as an Ogre Hexslinger on Oct 25, 2023.
             Killed from afar by Natasha (9 damage)
             ... with a puff of flame
             ... on level 2 of the Dungeon.
             The game lasted 00:00:52 (810 turns).

Shayle the Trooper (Ogre Hexslinger)                 Turns: 810, Time: 00:00:53

Health: -2/36      AC:  3    Str: 12    XL:     3   Next: 29%
Magic:  4/4        EV: 10    Int: 16    God:
Gold:   28         SH:  0    Dex: 11    Spells: 4/4 levels left

rFire   . . .        a - +1 sling
rCold   . . .        (no shield)
rNeg    . . .        c - +0 robe
rPois   .            (helmet restricted)
rElec   .            (no cloak)
rCorr   .            (gloves unavailable)
SInv    .            (boots unavailable)
Will    .....        (no amulet)
Stlth   +            (no ring)
HPRegen 0.26/turn    (no ring)
MPRegen 0.09/turn

%: no passive effects
@: hasted, invisible, very quick
A: large, unfitting armour, tough skin 1
a: no special abilities


You were on level 2 of the Dungeon.
You visited 1 branch of the dungeon, and saw 2 of its levels.

You collected 28 gold pieces.

Inventory:

Hand Weapons
 a - a +1 sling (weapon)
Armour
 c - a +0 robe (worn)
Scrolls
 b - a scroll of poison
 e - 3 scrolls of identify {unknown}
 f - a scroll of amnesia {unknown}
 h - a scroll of enchant armour {unknown}


   Skills:
 + Level 2.7 Fighting
 - Level 1.3 Ranged Weapons
 + Level 2.3 Dodging
 + Level 1.2 Unarmed Combat
 - Level 1.2 Spellcasting
 - Level 2.6 Hexes
 - Level 0.8 Fire Magic


You had 4 spell levels left.
You didn't know any spells.
Your spell library contained the following spells:

 Spells                   Type           Power      Damage    Failure   Level
 Jinxbite                 Hex            18%        N/A       12%         2
 Freeze                   Ice            0%         1d3       22%         1
 Sigil of Binding         Hex            9%         N/A       22%         3
 Inner Flame              Hex/Fire       6%         N/A       32%         3
 Cigotuvi's Dreadful Rot  Necr/Pois/Air  0%         N/A       34%         2
 Ignite Poison            Fire/Tmut/Pois 1%         N/A       52%         3
 Frozen Ramparts          Ice            0%         1d1       56%         3
 Hailstorm                Conj/Ice       0%         3d3       56%         3
 Cause Fear               Hex            4%         N/A       58%         4
 Dimensional Bullseye     Hex/Tloc       2%         N/A       78%         4
 Freezing Cloud           Conj/Ice/Air   0%         6-21      99%         5


Dungeon Overview and Level Annotations

Branches:
Dungeon (2/15)

Altars:

Annotations:
D:2 Natasha


Innate Abilities, Weirdness & Mutations

You are too large for most types of armour.
You have tough skin. (AC +1)


Message History

You pick up a book of Frost and begin reading...
You add the spells Freeze, Frozen Ramparts and Hailstorm to your library.
No target in view!
Natasha, Servant of Life and Death comes into view.
She is carrying a wand of flame.
Natasha hisses angrily.
You shoot a sling bullet. The sling bullet hits Natasha.
Natasha is lightly wounded.
Natasha is nearby!
You shoot a sling bullet.
The sling bullet closely misses Natasha.
Natasha casts a spell at you. The magic dart hits you.
Natasha is nearby!
You don't know any spells.
Sorry, you're not good enough to have a special ability.
You shoot a sling bullet. The sling bullet hits Natasha.
Natasha is moderately wounded.
Natasha closely misses you.
You shoot a sling bullet. The sling bullet hits Natasha.
Natasha is heavily wounded.
Natasha barely misses you.
You shoot a sling bullet. The sling bullet barely misses Natasha.
Natasha claws you. Natasha casts a spell at you. You resist with some effort.
You shoot a sling bullet.
The sling bullet closely misses Natasha.
Natasha claws you.
It was a potion of invisibility.
You fade into invisibility!
Natasha zaps a wand.
The puff of flame hits you.
You shoot a sling bullet. The sling bullet hits Natasha.
Natasha is almost dead.
Natasha stares at you and mumbles some strange words.
The magic dart hits you.
Natasha zaps a wand.
The puff of flame hits you!
* * * LOW HITPOINT WARNING * * *
It was a potion of haste.
You feel yourself speed up.
Natasha zaps a wand.
The puff of flame hits you!
You die...
Natasha curls up and begins to purr.

#. #.#.##..# ##.#
#.#...... ...
#.###..## #.# #.#
#..#. ##.## ##.###..†.
####...######.........
+.....................
####...######.####..#.
#.#@......#.####..#.
#. #h##.##.#.##....P#
#. #.. ..# #.##.#....
# #.## ## #.##.#.###
#.# #......# ...
####.### ... #.# .##
#.# #.#


You could see Natasha.

Vanquished Creatures
  2 dart slugs (D:1)
  2 ball pythons (D:1)
  4 endoplasms (D:1)
  3 goblins (D:1)
  2 hobgoblins
  5 kobolds (D:1)
  3 bats (D:1)
  2 frilled lizards (D:1)
  4 rats (D:1)
27 creatures vanquished.

Notes
Turn   | Place    | Note
-------+----------+-------------------------------------------
     0 | D:1      | Shayle the Ogre Hexslinger began the quest for the Orb.
     0 | D:1      | Reached XP level 1. HP: 19/19 MP: 2/2
    65 | D:1      | Reached XP level 2. HP: 28/28 MP: 3/3
   192 | D:1      | Reached skill level 1 in Unarmed Combat
   359 | D:1      | Reached XP level 3. HP: 36/36 MP: 4/4
   801 | D:2      | Noticed Natasha
   810 | D:2      | Killed from afar by Natasha

Illustrated notes

Levels and vault maps discovered:
D:1:      minmay_arrival_shoal_huts, layout_loops_cross, dk_noncrumbling_3
D:2:      cheibrodos_old_hovel, layout_loops_corners, uniq_natasha

Skill      XL: |  1  2 |
---------------+-------+-----
Dodging        | 2 |  2.3
Fighting       | 2 |  2.7
Unarmed Combat | 1 |  1.2
Ranged Weapons | |  1.3
Spellcasting   | |  1.2
Hexes          | |  2.6
Fire Magic     | |  0.8

Action                     || total
---------------------------++-------
   Fire: Sling             ||    78
    Use: Potion            ||     2
 Armour: Robe              ||    25
  Dodge: Dodged            ||    25

Table legend: (Time is in decaauts)
 A = Elapsed time spent in this place.
 B = Non-inter-level travel time spent in this place.
 C = Inter-level travel time spent in this place.
 D = Time resting spent in this place.
 E = Time spent auto-exploring this place.
 F = Levels seen in this place.
 G = Mean time per level.
                   A        B        C        D        E       F      G
               +--------+--------+--------+--------+--------+-----+--------+
         Total |    836 |    817 |     19 |      0 |    673 |   2 |  418.0 |
       Dungeon |    836 |    817 |     19 |      0 |    673 |   2 |  418.0 |
               +--------+--------+--------+--------+--------+-----+--------+

Top non-repeatable levels by time:
     D:1: 753 daAuts
     D:2: 82 daAuts
